 Dungeon Crawl Stone Soup version 0.29-a0-338-g1ff7896281 (webtiles) character file.

Game seed: 9199339641295542806

357 spaghetti the Caller (level 6, -5/58 HPs)
             Began as an Octopode Earth Elementalist on Apr 18, 2022.
             Slain by a nameless horror (7 damage)
             ... created by miscasting Summon Ice Beast
             ... on level 4 of the Dungeon.
             The game lasted 00:08:36 (2790 turns).

spaghetti the Caller (Octopode Earth Elementalist)  Turns: 2790, Time: 00:08:36

Health: -5/58      AC: 23    Str:  4    XL:     6   Next: 64%
Magic:  1/11       EV:  2    Int: 24    God:
Gold:   236        SH:  3    Dex: 13    Spells: 4/12 levels left

rFire   . . .      SeeInvis .   a - +8 hand axe of Iheas {freeze, Str-3 Int+5, axe}
rCold   . . .      Faith    .   l - +0 buckler
rNeg    . . .      Spirit   .   (helmet currently unavailable)
rPois   +          Reflect  .   g - amulet of magic regeneration {@e2}
rElec   .          Harm     .   (no ring)
rCorr   .          Rampage  .   (no ring)
Will    .....      NoTele   +   (no ring)
Stlth   ++........              (no ring)
HPRegen 0.19/turn               (no ring)
MPRegen 0.52/turn               (no ring)
                                (no ring)
                                (no ring)

@: tree-form, attractive, very slightly contaminated
A: stationary, stasis, torment immunity, boosted hp, almost no armour,
(amphibious), 8 rings, (camouflage 1), (gelatinous body 1), (nimble swimmer 1),
(tentacles), (iridescent scales 1)
a: no special abilities


You were on level 4 of the Dungeon.
You were a tree.
You visited 1 branch of the dungeon, and saw 4 of its levels.

You collected 236 gold pieces.


Innate Abilities, Weirdness & Mutations

You are a tree.
Your roots penetrate the ground, keeping you stationary.
You cannot be teleported.
You are immune to unholy pain and torment.
Your maximum health is greatly increased.
You cannot wear most types of armour.
((You are amphibious.))
You can wear up to eight rings at the same time.
((Your skin changes colour to match your surroundings (Stealth+).))
((Your rubbery body absorbs attacks. (AC +1, EV +1)))
((You are camouflaged when in or above water. (Stealth+)))
((You have tentacles for arms and can constrict up to eight enemies at once.))
((You are partially covered in iridescent scales. (AC +2)))


   Skills:
 * Level 2.0 Fighting
 * Level 2.1 Dodging
 - Level 2.6 Stealth
 * Level 3.5 Spellcasting
 * Level 0.0 Hexes
 * Level 3.8 Summonings
 - Level 1.0 Transmutations
 + Level 2.5 Ice Magic
 - Level 3.0 Earth Magic


You had 4 spell levels left.
You knew the following spells:

 Your Spells              Type           Power      Damage    Failure   Level
a - Sandblast             Erth           38%        2d10      4%          1
b - Call Canine Familiar  Summ           22%        N/A       9%          3
c - Summon Ice Beast      Ice/Summ       19%        N/A       36%         4

Your spell library contained the following spells:

 Spells                   Type           Power      Damage    Failure   Level
 Passwall                 Tmut/Erth      11%        N/A       9%          2
 Wereblood                Tmut           9%         N/A       14%         2
 Sublimation of Blood     Necr           4%         N/A       22%         2
 Stone Arrow              Conj/Erth      22%        3d8       22%         3
 Inner Flame              Hex/Fire       4%         N/A       38%         3
 Portal Projectile        Hex/Tloc       8%         N/A       38%         3
 Petrify                  Tmut/Erth      14%        N/A       52%         4
 Leda's Liquefaction      Hex/Erth       5%         N/A       58%         4
 Cause Fear               Hex            2%         N/A       80%         4
 Summon Mana Viper        Hex/Summ       13%        N/A       86%         5
 Monstrous Menagerie      Summ           11%        N/A       100%        7
 Summon Hydra             Summ           11%        N/A       100%        7
 Discord                  Hex            2%         N/A       100%        8

Inventory:

Hand Weapons
 a - the +8 hand axe of Iheas (weapon) {freeze, Str-3 Int+5, axe}
   (You took it off a kobold on level 2 of the Dungeon)

   It freezes those it strikes, dealing additional cold damage.
   It can also slow down cold-blooded creatures.
   Str:       It affects your strength (-3).
   Int:       It affects your intelligence (+5).
Missiles
 s - 160 stones {throwing}
Armour
 l - a +0 buckler (worn)
   (You found it on level 2 of the Dungeon)
Jewellery
 g - an amulet of magic regeneration (around neck) {@e2}
   (You found it on level 2 of the Dungeon)
 t - a ring of see invisible
   (You took it off an orc on level 3 of the Dungeon)
Wands
 r - a wand of flame (15)
   (You found it on level 2 of the Dungeon)
Scrolls
 c - 6 scrolls of amnesia {unknown}
 e - 3 scrolls of teleportation {unknown}
 j - a scroll of summoning {unknown}
 k - a scroll of enchant weapon {unknown}
 n - 3 scrolls of identify {unknown}
 o - a scroll of fear {unknown}
 p - a scroll of magic mapping {unknown}
 v - a scroll of immolation {unknown}
 w - a scroll of vulnerability {unknown}
Potions
 b - a potion of magic
 d - a potion of flight
 q - a potion of heal wounds {unknown}
 u - 2 potions of cancellation {unknown}
 x - a potion of brilliance {unknown}

Dungeon Overview and Level Annotations

Branches:
Dungeon (4/15)
 Temple: D:4-7

Altars:

.# ## #.#>.
#.#.#
##+##.#.#####
#...........
#.........#
#.........#
#...โ™ฃl....#
#...Xยง....#
#........##
#......#.#
#.....<+ ..
#......# ..#
#......# ...
######## .. .


You could see a nameless horror and an iguana.


Message History

Orders for allies: a - Attack new target. r - Retreat! s - Stop attacking. g - Guard the area. f - Follow me.
Anything else - Cancel.
Gang up on whom?
Press: ? - help, Dir - move target, f - ball python
Aim: a ball python (asleep, ally target) Attack! ๐Ÿ˜ฎ MP[+1] ๐Ÿ˜ฎ HP[+1] ๐Ÿ˜ฎ MP[+1] ๐Ÿ˜ฎ MP[+1]
The ball python hisses angrily.
The ball python closely misses your hound.
The ball python grabs your hound. The ball python constricts your hound.
Your hound misses the ball python. The ball python bites your hound.
The ball python constricts your hound.
Your hound barely misses the ball python.
The ball python loses its grip on your hound. ๐Ÿ˜ฎ MP[+1]
Your hound bites the ball python.
The ball python dies!
You start resting.
An iguana comes into view. ๐Ÿ˜ฎ HP[+1] MP[+1]
An iguana is nearby!
An iguana is nearby!
An iguana is nearby! ๐Ÿ˜ฎ MP[+1]
Casting: Summon Ice Beast (extremely dangerous; 36% risk of failure)
Confirm with . or Enter, or press ? or * to list all spells.
Your hound disappears in a puff of smoke!
The iguana bites you. ๐Ÿ˜ฎ HP[-5] MP[-3]
You take 5 damage, and now have 23/39 hp.
You lost 3 mp, and now have 4/11 mp.
Casting: Call Canine Familiar (dangerous; 9% risk of failure)
Confirm with . or Enter, or press ? or * to list all spells.
The spell is extremely dangerous to miscast (36% risk of failure)!
Continue anyway?
You miscast Summon Ice Beast.
A chorus of moans calls out in your mind.
A nameless horror comes into view.
Your hound bites the nameless horror.
You block the iguana's attack. ๐Ÿ˜ฎ MP[-3]
You lost 3 mp, and now have 1/11 mp.
Unknown command.
Okay, then.
Okay, then.
Your hound bites the nameless horror.
Your hound bites the nameless horror but does no damage.
The nameless horror hits you!
* * * LOW HITPOINT WARNING * * *
You feel your power leaking away. ๐Ÿ˜จ HP[-9] MP[-1]
You take 9 damage, and now have 14/39 hp.
MASSIVE DAMAGE!! (PAUSE)
You lost 1 mp, and now have 0/11 mp.
The nameless horror attacks as you move away!
The nameless horror barely misses you. The iguana attacks as you move away!
The iguana closely misses you. ๐Ÿ˜จ MP[+1] It was a potion of flight.
You feel very buoyant.
You fly up into the air.
Your hound barely misses the iguana.
Your hound bites the iguana but does no damage.
The nameless horror hits you.
* * * LOW HITPOINT WARNING * * *
You feel your power leaking away.
The iguana barely misses you. ๐Ÿ˜จ HP[-2] MP[-1]
You take 2 damage, and now have 12/39 hp.
You lost 1 mp, and now have 0/11 mp.
It was a potion of attraction.
You feel attractive to monsters.
Your hound barely misses the iguana.
The nameless horror hits you!
* * * LOW HITPOINT WARNING * * *
You feel your power leaking away.
The iguana closely misses you. ๐Ÿ˜ฑ HP[-9]
You take 9 damage, and now have 3/39 hp.
MASSIVE DAMAGE!! (PAUSE) It was a potion of curing.
You feel better.
Your hound bites the iguana but does no damage.
Your hound bites the iguana.
The nameless horror hits you!
* * * LOW HITPOINT WARNING * * *
The iguana bites you.
* * * LOW HITPOINT WARNING * * *
๐Ÿ˜ฑ HP[-2]
You take 2 damage, and now have 1/39 hp.
Unknown command.
Okay, then.
It was a potion of mutation.
You feel extremely strange.
Iridescent scales grow over part of your body.
Your hound closely misses the iguana.
Send 'em back where they came from!
Your hound disappears in a puff of smoke!
You block the iguana's attack. ๐Ÿ˜ฑ MP[+1] It was a potion of lignification.
You turn into a tree.
Your roots penetrate the ground.
The nameless horror hits you!
You die...

Skill      XL: |  1  2  3  4  5  6 |
---------------+-------------------+-----
Summonings     | 1 2 3 |  3.8
Ice Magic      | 1 2 |  2.5
Spellcasting   | 3 |  3.5
Fighting       | 1 2 |  2.0
Dodging        | |  2.1
Stealth        | |  2.6
Transmutations | |  1.0
Earth Magic    | |  3.0

Action                   |  1- 3 |  4- 6 || total
-------------------------+-------+-------++-------
Melee: Unarmed           |       |     6 ||     6
       Hand axe          |       |    17 ||    17
       Constrict         |       |     5 ||     5
       Tentacles         |       |     3 ||     3
 Cast: Sandblast         |    29 |     6 ||    35
       Call Canine Famil |       |    19 ||    19
       Summon Ice Beast  |       |     8 ||     8
  Use: Potion            |       |     5 ||     5
Dodge: Dodged            |     1 |    24 ||    25
Block: Buckler           |       |     3 ||     3

Levels and vault maps discovered:
D:1:      minmay_arrival_shattered_statue, layout_loops_ring,
          shapermc_ecumenical_altar_totnotflames
D:2:      layout_rooms, dk_noncrumbling_3, st_stairs_13, minmay_crystal_room,
          uniq_sigmund, uniq_terence, uniq_natasha
D:3:      layout_rooms, minmay_strange_pillars
D:4:      layout_basic

Notes
Turn   | Place    | Note
-------+----------+-------------------------------------------
     0 | D:1      | spaghetti the Octopode Earth Elementalist began the quest
                  | for the Orb.
     0 | D:1      | Reached XP level 1. HP: 11/11 MP: 3/3
     0 | D:1      | magus.rc [v1.9.6]
   179 | D:1      | You pick up a book of Beasts and begin reading...
   179 | D:1      | You add the spells Summon Ice Beast, Summon Mana Viper and
                  | Monstrous Menagerie to your library.
   307 | D:1      | Reached XP level 2. HP: 18/18 MP: 3/5
   426 | D:1      | Found a faded altar of an unknown god.
   434 | D:1      | You pick up a book of the Hunter and begin reading...
   434 | D:1      | You add the spells Call Canine Familiar, Portal Projectile
                  | and Leda's Liquefaction to your library.
   605 | D:1      | You pick up a book of Hexes and begin reading...
   605 | D:1      | You add the spells Inner Flame, Cause Fear and Discord to
                  | your library.
   713 | D:1      | Reached skill level 1 in Summonings
  1034 | D:2      | Noticed Natasha
  1040 | D:2      | Killed Natasha
  1041 | D:2      | Reached skill level 1 in Ice Magic
  1041 | D:2      | Reached XP level 3. HP: 13/22 MP: 3/6
  1058 | D:2      | Noticed Natasha
  1065 | D:2      | Killed Natasha
  1066 | D:2      | Reached skill level 2 in Summonings
  1066 | D:2      | Reached XP level 4. HP: 13/27 MP: 0/7
  1174 | D:2      | Identified the +8 hand axe of Iheas {freeze, Str-3 Int+5}
  1194 | D:2      | Learned a level 3 spell: Call Canine Familiar
  1199 | D:2      | Learned a level 4 spell: Summon Ice Beast
  1342 | D:2      | Noticed Terence
  1367 | D:2      | Killed Terence
  1460 | D:2      | Reached XP level 5. HP: 32/32 MP: 2/9
  1500 | D:2      | Noticed Natasha
  1519 | D:2      | Killed Natasha
  1520 | D:2      | Reached skill level 3 in Spellcasting
  1520 | D:2      | Reached skill level 3 in Summonings
  1520 | D:2      | Reached skill level 2 in Ice Magic
  1781 | D:2      | You pick up a book of Blood and begin reading...
  1781 | D:2      | You add the spells Sublimation of Blood, Wereblood and
                  | Summon Hydra to your library.
  1830 | D:2      | Noticed Sigmund
  1846 | D:2      | Killed Sigmund
  1847 | D:2      | Reached skill level 1 in Fighting
  1847 | D:2      | Reached XP level 6. HP: 30/39 MP: 3/11
  2378 | D:3      | Reached skill level 2 in Fighting
  2783 | D:4      | Noticed a nameless horror
  2787 | D:4      | HP: 3/39 [nameless horror[miscasting Summon Ice Beast] (9)]
  2788 | D:4      | HP: 1/39 [iguana (4)]
  2789 | D:4      | Gained mutation: You are partially covered in iridescent
                  | scales. (AC +2) [potion of mutation]
  2790 | D:4      | Slain by a nameless horror

Vanquished Creatures
  Natasha (thrice) (D:2)
  2 adders
  2 dart slugs
  An orc (D:3)
  3 ball pythons
  A bat (D:3)
  An endoplasm (D:1)
  A giant cockroach (D:1)
  2 goblins (D:1)
  A quokka (D:1)
  A frilled lizard (D:1)
  5 kobolds
  4 rats
27 creatures vanquished.

Vanquished Creatures (collateral kills)
  Sigmund (D:2)
  Terence (D:2)
  3 adders
  A worm (D:2)
  A bat (D:2)
  2 endoplasms (D:3)
  2 giant cockroaches
  2 goblins
  A hobgoblin (D:2)
  3 kobolds
  A quokka (D:3)
  4 ball pythons
  2 frilled lizards (D:3)
24 creatures vanquished.

Grand Total: 51 creatures vanquished

Table legend:
 A = Non-vault XP
 B = Vault XP
 C = Vault XP percentage of total XP
 D = Non-vault monster count
 E = Vault monster count
 F = Vault count percentage of total count
                 A         B        C        D         E       F
            +---------+---------+-------+---------+---------+-------
      Total |     209 |     301 |  59.0 |      46 |       5 |   9.8
            +---------+---------+-------+---------+---------+-------
        D:1 |      26 |       0 |   0.0 |      15 |       0 |   0.0
        D:2 |     132 |     301 |  69.5 |      15 |       5 |  25.0
        D:3 |      49 |       0 |   0.0 |      15 |       0 |   0.0
        D:4 |       2 |       0 |   0.0 |       1 |       0 |   0.0
            +---------+---------+-------+---------+---------+-------

Illustrated notes

Table legend:
 A = Kills in this place as a percentage of kills in entire the game.
 B = Kills by you in this place as a percentage of kills by you in the entire game.
 C = Kills by friends in this place as a percentage of kills by friends in the entire game.
 D = Other kills in this place as a percentage of other kills in the entire game.
 E = Experience gained in this place as a percentage of experience gained in the entire game.
 F = Experience gained in this place divided by the number of levels of this place that you have seen.
                   A       B       C       D       E      F
               +-------+-------+-------+-------+-------+----------------------
         Total | 100.0 | 100.0 | 100.0 |   N/A | 100.0 | 127.5
       Dungeon | 100.0 | 100.0 | 100.0 |   N/A | 100.0 | 127.5
               +-------+-------+-------+-------+-------+----------------------

Table legend: (Time is in decaauts)
 A = Elapsed time spent in this place.
 B = Non-inter-level travel time spent in this place.
 C = Inter-level travel time spent in this place.
 D = Time resting spent in this place.
 E = Time spent auto-exploring this place.
 F = Levels seen in this place.
 G = Mean time per level.
                   A        B        C        D        E       F      G
               +--------+--------+--------+--------+--------+-----+--------+
         Total |   2794 |   2740 |     54 |    286 |   1986 |   4 |  698.5 |
       Dungeon |   2794 |   2740 |     54 |    286 |   1986 |   4 |  698.5 |
               +--------+--------+--------+--------+--------+-----+--------+

Top non-repeatable levels by time:
     D:2: 1194 daAuts
     D:1: 991 daAuts
     D:3: 582 daAuts
     D:4: 26 daAuts
